[ AOE2 MATCH · #507298917 ]
UnrankedPortuguese vs Khmer
Player's team · LOSS
Rival team · WIN
[ REPLAY ANALYSIS · EXTRACTED FROM THE RECORDED GAME ]
Feudal
11:48
Castle
18:46
Imperial
—
| APM avg | 47.9 |
| APM peak | 90 |
| eAPM avg | 27.2 |
| Villagers / military | 136 / 64 |
Focus
⚔️ 34.5% · 🌾 65.5%
Archer ×48 · Monk ×8 · Militia ×3 · Mangonel ×3 · Spearman ×2
Feudal
9:02
Castle
18:29
Imperial
36:46
| APM avg | 80.4 |
| APM peak | 117 |
| eAPM avg | 38.5 |
| Villagers / military | 148 / 89 |
Focus
⚔️ 30.6% · 🌾 69.4%
Battle Elephant ×49 · Scout Cavalry ×26 · Mangonel ×6 · Scorpion ×3 · Knight ×2 · Ballista Elephant ×2
Match map
Initial resources + every placement click. Lines = walls · curves = elevation contours. ◆ gold · ⬟ stone · ● berries · ✦ relic · ◌ wall gap
Your base· ✓ Closed at 18:46 · 47t walls · no gate
Tuxtron935's base· Open — opponent sealed themselves in
Smoothed initial terrain · ◌ = detected wall gap · hover for details
Inputs per minute
— OSO_CT - - Tuxtron935
Build order — OSO_CT
First 150 of 276 actions detected
| 0:00 | Create | Villager (Male) |
| 0:01 | Create | Villager (Male) |
| 0:01 | Create | Villager (Male) |
| 0:01 | Create | Villager (Male) |
| 0:02 | Build | House |
| 0:03 | Build | House |
| 1:27 | Create | Villager (Male) |
| 1:49 | Build | Lumber Camp |
| 1:58 | Create | Villager (Male) |
| 2:17 | Create | Villager (Male) |
| 2:17 | Create | Villager (Male) |
| 2:45 | Create | Villager (Male) |
| 3:11 | Create | Villager (Male) |
| 3:12 | Create | Villager (Male) |
| 3:39 | Create | Villager (Male) |
| 3:52 | Build | House |
| 4:07 | Create | Villager (Male) |
| 4:07 | Create | Villager (Male) |
| 4:34 | Create | Villager (Male) |
| 4:44 | Build | Barracks |
| 4:54 | Create | Villager (Male) |
| 5:15 | Create | Villager (Male) |
| 5:24 | Build | House |
| 5:50 | Create | Villager (Male) |
| 5:53 | Create | Militia |
| 5:54 | Create | Militia |
| 6:02 | Build | Mill |
| 6:15 | Create | Villager (Male) |
| 6:19 | Create | Militia |
| 6:26 | Build | House |
| 6:27 | Build | Palisade Wall |
| 6:29 | Research | Loom |
| 6:50 | Build | Palisade Wall |
| 7:03 | Create | Villager (Male) |
| 7:15 | Create | Villager (Male) |
| 7:28 | Build | Palisade Wall |
| 7:45 | Create | Villager (Male) |
| 7:57 | Build | Mill |
| 7:59 | Create | Villager (Male) |
| 8:02 | Build | Palisade Wall |
| 8:26 | Create | Villager (Male) |
| 8:42 | Build | Palisade Wall |
| 8:45 | Build | Palisade Wall |
| 8:47 | Build | Palisade Wall |
| 9:02 | Build | Palisade Wall |
| 9:05 | Build | Palisade Wall |
| 9:13 | Create | Villager (Male) |
| 9:17 | Build | Palisade Wall |
| 9:38 | Research | Feudal Age |
| 9:49 | Build | Palisade Wall |
| 10:04 | Build | Palisade Wall |
| 10:19 | Build | Farm |
| 10:21 | Build | Farm |
| 10:23 | Build | Farm |
| 10:25 | Build | Farm |
| 10:25 | Create | Villager (Male) |
| 10:46 | Build | Farm |
| 11:02 | Build | Farm |
| 11:05 | Build | House |
| 11:30 | Build | Farm |
| 11:33 | Build | Farm |
| 11:48 | Age | Feudal Age |
| 11:51 | Create | Villager (Male) |
| 12:07 | Create | Villager (Male) |
| 12:15 | Research | Double-Bit Axe |
| 12:16 | Create | Spearman |
| 12:21 | Build | House |
| 12:50 | Create | Villager (Male) |
| 12:55 | Build | Mining Camp |
| 13:09 | Create | Villager (Male) |
| 13:16 | Create | Villager (Male) |
| 13:20 | Build | Farm |
| 13:22 | Build | Farm |
| 13:40 | Build | Farm |
| 13:51 | Create | Villager (Male) |
| 14:15 | Create | Villager (Male) |
| 14:25 | Build | Archery Range |
| 14:33 | Create | Villager (Male) |
| 14:39 | Build | Blacksmith |
| 15:10 | Create | Spearman |
| 15:36 | Create | Villager (Male) |
| 15:49 | Build | Lumber Camp |
| 16:06 | Research | Castle Age |
| 16:13 | Build | Archery Range |
| 16:40 | Create | Archer |
| 16:44 | Build | House |
| 16:47 | Research | Fletching |
| 17:09 | Create | Archer |
| 17:27 | Build | Farm |
| 17:33 | Create | Archer |
| 17:36 | Build | House |
| 17:51 | Create | Archer |
| 18:16 | Create | Archer |
| 18:19 | Create | Archer |
| 18:23 | Build | House |
| 18:46 | Age | Castle Age |
| 18:48 | Create | Villager (Male) |
| 18:48 | Create | Villager (Male) |
| 18:50 | Research | Crossbowman (upgrade) |
| 19:15 | Create | Archer |
| 19:16 | Create | Archer |
| 19:17 | Create | Villager (Male) |
| 19:24 | Build | Town Center |
| 19:32 | Build | Palisade Gate |
| 19:36 | Create | Archer |
| 19:37 | Create | Villager (Male) ×5 |
| 19:42 | Create | Villager (Male) |
| 19:45 | Build | Monastery |
| 19:51 | Build | House |
| 19:58 | Create | Archer |
| 20:01 | Create | Archer |
| 20:07 | Build | House |
| 20:09 | Build | House |
| 20:13 | Build | Palisade Wall |
| 20:15 | Build | Palisade Wall |
| 20:20 | Create | Archer |
| 20:24 | Create | Villager (Male) |
| 20:26 | Build | Farm |
| 20:42 | Create | Monk |
| 20:44 | Build | Farm |
| 20:52 | Create | Villager (Male) |
| 20:57 | Create | Archer |
| 20:57 | Create | Archer |
| 20:59 | Create | Villager (Male) |
| 21:05 | Create | Villager (Male) |
| 21:12 | Create | Villager (Male) |
| 21:16 | Build | House |
| 21:18 | Create | Monk |
| 21:20 | Build | House |
| 21:23 | Create | Archer |
| 21:30 | Build | Palisade Wall |
| 21:31 | Create | Archer |
| 21:45 | Create | Villager (Male) |
| 21:56 | Create | Villager (Male) |
| 22:06 | Build | Siege Workshop |
| 22:10 | Create | Villager (Male) ×5 |
| 22:12 | Build | House |
| 22:15 | Build | House |
| 22:19 | Create | Archer |
| 22:25 | Create | Villager (Male) |
| 22:33 | Build | House |
| 22:35 | Build | Stone Wall |
| 22:46 | Create | Archer |
| 22:50 | Create | Mangonel |
| 22:52 | Build | Farm |
| 22:56 | Build | House |
| 22:59 | Create | Archer |
| 23:03 | Create | Archer |
| 23:13 | Build | Farm |
| 23:17 | Create | Villager (Male) |
Build order — Tuxtron935
First 150 of 354 actions detected
| 0:01 | Create | Villager (Male) |
| 0:01 | Create | Villager (Male) |
| 0:02 | Build | House |
| 0:02 | Create | Villager (Male) |
| 0:03 | Build | House |
| 0:03 | Create | Villager (Male) |
| 0:04 | Create | Villager (Male) |
| 1:00 | Build | Mill |
| 1:34 | Create | Villager (Male) |
| 2:06 | Create | Villager (Male) |
| 2:34 | Create | Villager (Male) |
| 2:34 | Create | Villager (Male) |
| 3:00 | Create | Villager (Male) |
| 3:01 | Create | Villager (Male) |
| 3:14 | Create | Villager (Male) |
| 3:45 | Create | Villager (Male) |
| 3:45 | Create | Villager (Male) |
| 3:54 | Build | House |
| 4:04 | Build | Lumber Camp |
| 4:13 | Create | Villager (Male) |
| 4:33 | Create | Villager (Male) |
| 4:34 | Create | Villager (Male) |
| 4:38 | Create | Villager (Male) |
| 5:39 | Create | Villager (Male) |
| 5:39 | Research | Loom |
| 6:52 | Research | Feudal Age |
| 7:26 | Create | Villager (Male) |
| 7:44 | Build | House |
| 8:06 | Create | Villager (Male) |
| 8:11 | Build | Palisade Wall |
| 8:29 | Create | Villager (Male) |
| 8:39 | Create | Villager (Male) |
| 8:45 | Build | House |
| 8:46 | Build | Palisade Wall |
| 9:02 | Age | Feudal Age |
| 9:05 | Build | Stable |
| 9:23 | Build | Blacksmith |
| 9:25 | Research | Double-Bit Axe |
| 9:28 | Create | Villager (Male) |
| 9:36 | Build | Palisade Wall |
| 9:49 | Create | Scout Cavalry |
| 9:49 | Create | Scout Cavalry |
| 9:53 | Create | Villager (Male) |
| 10:15 | Build | Palisade Wall |
| 10:35 | Create | Villager (Male) |
| 10:38 | Build | Mill |
| 10:42 | Build | Farm |
| 10:43 | Build | Farm |
| 10:43 | Build | Farm |
| 10:50 | Create | Villager (Male) |
| 10:50 | Create | Villager (Male) |
| 10:55 | Build | House |
| 10:55 | Create | Villager (Male) |
| 11:21 | Build | Farm |
| 11:30 | Build | Palisade Wall |
| 11:38 | Create | Villager (Male) |
| 11:39 | Build | Farm |
| 11:46 | Build | Farm |
| 11:59 | Create | Villager (Male) |
| 12:05 | Create | Villager (Male) |
| 12:07 | Build | Farm |
| 12:37 | Research | Wheelbarrow |
| 12:38 | Research | Wheelbarrow |
| 12:48 | Build | Mining Camp |
| 13:17 | Create | Villager (Male) |
| 13:19 | Build | Farm |
| 13:31 | Build | House |
| 13:33 | Build | Palisade Wall |
| 13:41 | Build | Farm |
| 13:57 | Build | Farm |
| 14:20 | Create | Villager (Male) |
| 14:34 | Build | Farm |
| 14:56 | Create | Villager (Male) |
| 14:58 | Create | Villager (Male) |
| 15:05 | Build | House |
| 15:16 | Build | Palisade Wall |
| 15:38 | Build | House |
| 15:44 | Build | Farm |
| 15:49 | Research | Castle Age |
| 15:49 | Research | Castle Age |
| 16:00 | Build | Stable |
| 16:09 | Build | House |
| 16:18 | Research | Scale Barding Armor |
| 16:18 | Research | Scale Barding Armor |
| 16:27 | Research | Horse Collar |
| 16:27 | Research | Horse Collar |
| 16:33 | Build | House |
| 16:52 | Build | House |
| 17:02 | Create | Scout Cavalry |
| 17:03 | Create | Scout Cavalry |
| 17:06 | Research | Bloodlines |
| 17:34 | Create | Scout Cavalry |
| 17:43 | Create | Villager (Male) |
| 18:08 | Create | Scout Cavalry |
| 18:29 | Age | Castle Age |
| 18:33 | Build | Town Center |
| 18:35 | Research | Light Cavalry (upgrade) |
| 18:35 | Create | Knight |
| 18:35 | Create | Knight |
| 18:38 | Create | Villager (Male) |
| 18:56 | Create | Battle Elephant |
| 19:00 | Create | Battle Elephant |
| 19:00 | Create | Battle Elephant |
| 19:12 | Create | Villager (Male) |
| 19:23 | Build | Farm |
| 19:30 | Create | Villager (Male) |
| 19:50 | Create | Villager (Male) |
| 19:53 | Create | Battle Elephant |
| 19:53 | Create | Battle Elephant |
| 20:03 | Create | Villager (Male) |
| 20:10 | Create | Villager (Male) |
| 20:23 | Create | Villager (Male) |
| 20:23 | Create | Villager (Male) |
| 20:27 | Create | Villager (Male) |
| 20:27 | Create | Villager (Male) |
| 20:30 | Build | Farm |
| 20:30 | Build | Farm |
| 20:45 | Create | Battle Elephant |
| 20:46 | Create | Battle Elephant |
| 20:52 | Create | Villager (Male) |
| 20:52 | Create | Villager (Male) |
| 20:52 | Create | Villager (Male) |
| 20:53 | Create | Villager (Male) |
| 21:02 | Build | Farm |
| 21:12 | Create | Villager (Male) |
| 21:13 | Create | Villager (Male) |
| 21:15 | Create | Villager (Male) |
| 21:15 | Create | Villager (Male) |
| 21:34 | Create | Battle Elephant |
| 21:34 | Create | Battle Elephant |
| 21:56 | Create | Villager (Male) |
| 21:56 | Create | Villager (Male) |
| 21:57 | Create | Villager (Male) |
| 22:00 | Build | Farm |
| 22:01 | Build | Farm |
| 22:07 | Create | Villager (Male) |
| 22:10 | Build | Siege Workshop |
| 22:15 | Create | Villager (Male) |
| 22:26 | Create | Battle Elephant |
| 22:26 | Create | Battle Elephant |
| 22:31 | Create | Villager (Male) |
| 22:32 | Create | Villager (Male) |
| 22:35 | Build | Farm |
| 22:43 | Create | Scout Cavalry |
| 22:53 | Create | Villager (Male) |
| 22:53 | Create | Villager (Male) |
| 22:55 | Build | Farm |
| 23:01 | Create | Villager (Male) |
| 23:04 | Create | Villager (Male) |
| 23:04 | Create | Villager (Male) |
Match timeline
| 4:44 | OSO_CT · first_building Barracks |
| 6:27 | OSO_CT · wall_segment Palisade Wall x6 |
| 6:50 | OSO_CT · wall_segment Palisade Wall x10 |
| 7:28 | OSO_CT · wall_segment Palisade Wall x3 |
| 8:02 | OSO_CT · wall_segment Palisade Wall x8 |
| 8:11 | Tuxtron935 · wall_segment Palisade Wall x5 |
| 8:42 | OSO_CT · wall_segment Palisade Wall x4 |
| 8:45 | OSO_CT · wall_segment Palisade Wall x4 |
| 8:46 | Tuxtron935 · wall_segment Palisade Wall x2 |
| 8:47 | OSO_CT · wall_segment Palisade Wall x5 |
| 9:02 | Tuxtron935 · age_up feudal |
| 9:02 | OSO_CT · wall_segment Palisade Wall x3 |
| 9:05 | OSO_CT · wall_segment Palisade Wall x3 |
| 9:05 | Tuxtron935 · first_building Stable |
| 9:17 | OSO_CT · wall_segment Palisade Wall x1 |
| 9:36 | Tuxtron935 · wall_segment Palisade Wall x3 |
| 9:49 | OSO_CT · wall_segment Palisade Wall x4 |
| 10:04 | OSO_CT · wall_segment Palisade Wall x1 |
| 10:15 | Tuxtron935 · wall_segment Palisade Wall x5 |
| 11:30 | Tuxtron935 · wall_segment Palisade Wall x13 |
| 11:48 | OSO_CT · age_up feudal |
| 13:33 | Tuxtron935 · wall_segment Palisade Wall x5 |
| 14:25 | OSO_CT · first_building Archery Range |
| 15:16 | Tuxtron935 · wall_segment Palisade Wall x1 |
| 18:29 | Tuxtron935 · age_up castle |
| 18:46 | OSO_CT · age_up castle |
| 19:45 | OSO_CT · first_building Monastery |
| 20:13 | OSO_CT · wall_segment Palisade Wall x3 |
| 20:15 | OSO_CT · wall_segment Palisade Wall x3 |
| 21:30 | OSO_CT · wall_segment Palisade Wall x1 |
| 22:06 | OSO_CT · first_building Siege Workshop |
| 22:10 | Tuxtron935 · first_building Siege Workshop |
| 22:35 | OSO_CT · wall_segment Stone Wall x1 |
| 27:23 | Tuxtron935 · first_building Castle |
| 27:46 | OSO_CT · first_building Stable |
| 28:22 | OSO_CT · wall_segment Palisade Wall x1 |
| 30:02 | OSO_CT · first_market_buy 100 stone |
| 33:18 | Tuxtron935 · first_building Monastery |
| 33:29 | Tuxtron935 · first_market_sell 100 food |
| 36:46 | Tuxtron935 · age_up imperial |
| 36:54 | OSO_CT · resign |
[ AI ANALYSIS · 1 CREDIT ]
What really happened in this match?
Wolo.gg analyzes every decision: build order, eco, micro, common mistakes by bracket. Personalized analysis on WhatsApp or Discord in 30 seconds.
Civ guide
Portuguese
Perfil
Jugador #5187661